 Dungeon Crawl Stone Soup version 0.30-a0-1157-g2cc9ac7196 (webtiles) character file.

Game seed: 8621391800220810280

146365 Newt the Crack Shot (level 17, -1/95 HPs)
             Began as a Kobold Hunter on Apr 24, 2023.
             Was the Champion of Hepliaklqana.
             Constricted to death by a naga warrior (6 damage)
             ... on level 2 of the Snake Pit.
             The game lasted 00:42:04 (25736 turns).

Newt the Crack Shot (Kobold Hunter)                Turns: 25736, Time: 00:42:05

Health: -1/95      AC: 11    Str:  8    XL:     17   Next: 72%
Magic:  24/25      EV: 28    Int: 18    God:    Hepliaklqana [******]
Gold:   528        SH: 16    Dex: 37    Spells: 23/27 levels left

rFire   + . .        K - +6 hand crossbow "Cyxkyso" {penet, rCorr Int+2 Dex+3 Stlth+}
rCold   x . .        T - +2 buckler {rF+}
rNeg    + + +        M - +1 troll leather armour
rPois   +            Q - +2 hat {SInv}
rElec   .            r - +2 cloak {Will+}
rCorr   +            c - +0 pair of gloves
SInv    +            (no boots)
Will    ++...        S - amulet of Muemn {Reflect rC- rN++ Int+4 Dex+3 SH+5}
Stlth   +++++        s - ring of Fuynuod {rPois Dex+2}
HPRegen 1.15/turn    u - ring of Qiceugh {rN+ rCorr Dex+4}
MPRegen 0.19/turn

%: reflection
@: lethally poisoned (-1 -> -1), liquefying, constricted, slowed movement, very
slow
A: reduced essence, small, no large weapons, nightstalker 3
}: 1/15 runes: barnacled
a: Renounce Religion, Recall Ancestor, Ancestor Identity, Transference, Idealise


You were on level 2 of the Snake Pit.
You worshipped Hepliaklqana.
Hepliaklqana was exalted by your worship.
You visited 6 branches of the dungeon, and saw 24 of its levels.
You also visited: Bailey and Gauntlet.

You collected 2208 gold pieces.
You spent 1680 gold pieces at shops.

Inventory:

Hand Weapons
 d - the +10 zealot's sword {holy, Zealotry, *Rage rN+ EV+3}
   (You found it on level 4 of the Shoals)

   Zealotry:  Whenever the wielder enters a berserk rage, their allies are
   berserked alongside them.
   EV:        It affects your evasion (+3).
   rN:        It protects you from negative energy.
   *Rage:     It berserks you when you make melee attacks (+20% chance).
 K - the +6 hand crossbow "Cyxkyso" (weapon) {penet, rCorr Int+2 Dex+3 Stlth+}
   (You acquired it on level 10 of the Dungeon)

   Int:       It affects your intelligence (+2).
   Dex:       It affects your dexterity (+3).
   rCorr:     It protects you from acid and corrosion.
   Stlth:     It makes you more stealthy.
Missiles
 a - 7 throwing nets (quivered)
 h - 8 boomerangs of dispersal
Armour
 c - a +0 pair of gloves (worn)
 r - a +2 cloak of willpower (worn)
 M - a +1 troll leather armour (worn)
 Q - a +2 hat of see invisible (worn)
 T - a +2 buckler of fire resistance (worn)
 V - a +2 leather armour of fire resistance
Jewellery
 s - the ring of Fuynuod (left hand) {rPois Dex+2}
   (You bought it in a shop on level 2 of the Orcish Mines)

   [ring of poison resistance]

   Dex:       It affects your dexterity (+2).
   rPois:     It protects you from poison.
 u - the ring of Qiceugh (right hand) {rN+ rCorr Dex+4}
   (You took it off a kobold in a bailey)

   [ring of positive energy]

   Dex:       It affects your dexterity (+4).
   rN:        It protects you from negative energy.
   rCorr:     It protects you from acid and corrosion.
 y - the ring "Imiw" {*Corrode rElec rC+ Will+}
   (You bought it in a shop on level 2 of the Orcish Mines)

   [ring of willpower]

   rC:        It protects you from cold.
   rElec:     It insulates you from electricity.
   *Corrode:  It may corrode you when you take damage.
   Will:      It increases your willpower.
 N - a ring of willpower
 S - the amulet of Muemn (around neck) {Reflect rC- rN++ Int+4 Dex+3 SH+5}
   (You found it in a Gauntlet)

   [amulet of reflection]

   It reflects blocked missile attacks.
   Int:       It affects your intelligence (+4).
   Dex:       It affects your dexterity (+3).
   rC:        It makes you vulnerable to cold.
   rN:        It greatly protects you from negative energy.
   SH:        It affects your SH (+5).
Wands
 q - a wand of acid (20)
 w - a wand of flame (89)
 B - a wand of iceblast (24)
 C - a wand of charming (13)
 F - a wand of digging (17)
 U - a wand of mindburst (17)
Scrolls
 b - 4 scrolls of immolation
 k - a scroll of fear
 l - 8 scrolls of teleportation
 t - 4 scrolls of magic mapping
 I - 5 scrolls of enchant weapon
 J - a scroll of blinking
 L - 7 scrolls of poison
 P - 11 scrolls of identify
 R - 2 scrolls of brand weapon
 W - 4 scrolls of silence
Potions
 e - 9 potions of curing
 f - 5 potions of might
 g - a potion of cancellation
 i - 3 potions of heal wounds
 j - a potion of invisibility
 m - 4 potions of lignification
 n - 8 potions of flight
 o - 3 potions of haste
 p - a potion of brilliance
 z - 2 potions of mutation
 D - 4 potions of magic
 X - 3 potions of resistance
 Z - 2 potions of berserk rage
Miscellaneous
 O - a piece from Xom's chessboard (15/15)


   Skills:
 - Level 12.0 Fighting
 - Level 24.0 Ranged Weapons
 + Level 12.3 Dodging
 - Level 1.3 Stealth
 - Level 9.0 Shields
 - Level 5.7 Spellcasting
 - Level 7.2 Hexes
 - Level 7.2 Earth Magic
 - Level 9.0 Invocations
 - Level 10.0 Evocations


You had 23 spell levels left.
You knew the following spells:

 Your Spells              Type           Power      Damage    Failure   Level
a - Leda's Liquefaction   Hex/Erth       15%        N/A       12%         4

Your spell library contained the following spells:

 Spells                   Type           Power      Damage    Failure   Level
 Portal Projectile        Hex/Tloc       36%        N/A       17%         3
 Stone Arrow              Conj/Erth      36%        3d9       17%         3
 Freeze                   Ice            20%        1d4       24%         1
 Magic Dart               Conj           20%        1d4       24%         1
 Lee's Rapid Deconstruct  Erth           15%        3d10*     34%         5
 Blink                    Tloc           10%        N/A       36%         2
 Call Imp                 Summ           10%        N/A       36%         2
 Cigotuvi's Dreadful Rot  Necr/Pois/Air  10%        N/A       36%         2
 Searing Ray              Conj           10%        2d4       36%         2
 Animate Armour           Summ/Erth      36%        N/A       50%         4
 Fulminant Prism          Conj/Hex       9%         3d6       50%         4
 Call Canine Familiar     Summ           5%         N/A       58%         3
 Frozen Ramparts          Ice            10%        1d2       58%         3
 Hailstorm                Conj/Ice       5%         3d4       58%         3
 Ignite Poison            Fire/Tmut/Pois 5%         N/A       58%         3
 Mephitic Cloud           Conj/Pois/Air  5%         N/A       58%         3
 Volatile Blastmotes      Fire/Tloc      10%        2d10      58%         3
 Silence                  Hex/Air        9%         N/A       83%         5
 Ice Form                 Ice/Tmut       5%         N/A       94%         4
 Iskenderun's Mystic Bla  Conj/Tloc      5%         2d3       94%         4
 Manifold Assault         Tloc           5%         N/A       94%         4
 Passage of Golubria      Tloc           5%         N/A       94%         4
 Sticky Flame             Conj/Fire      5%         2d3       94%         4
 Summon Ice Beast         Ice/Summ       5%         N/A       94%         4
 Freezing Cloud           Conj/Ice/Air   2%         6-21      100%        5
 Simulacrum               Ice/Necr       2%         N/A       100%        6
 Storm Form               Tmut/Air       2%         N/A       100%        7
 Ignition                 Fire           2%         3d3       100%        8
 Lehudib's Crystal Spear  Conj/Erth      9%         10d4      100%        8


Dungeon Overview and Level Annotations

Branches:
Dungeon (10/15)            Temple (1/1) D:7            Lair (5/5) D:10
 Shoals (4/4) Lair:3        Snake (2/4) Lair:2        Slime (0/5) Lair:4
    Orc (2/2) D:10            Elf (0/3) Orc:2        Bailey (visited)
Gauntlet (visited)

Altars:
Ashenzari
Cheibriados
Dithmenos
Elyvilon
Gozag
Hepliaklqana
Kikubaaqudgha
Makhleb
Nemelex Xobeh
Okawaru
Qazlal
Ru
Sif Muna
Trog
Uskayaw
Vehumet
Wu Jian
Yredelemnul
Zin
The Shining One
Jiyva

Shops:
D:3 :   D:4 [   D:9 *   Orc:2 =*![=?

Annotations:
D:9 3 runed translucent doors


Innate Abilities, Weirdness & Mutations

Your life essence is reduced to manifest your ancestor. (-10% HP)
You are small and have problems with some larger weapons.
You are completely attuned to the shadows.


Message History

You shoot a bolt.
The bolt pierces through the salamander!
The salamander is moderately wounded.
The black mamba bites Shatamurrim!
You block the salamander's attack.
The black mamba becomes momentarily stuck in the liquid earth.
Shatamurrim hits the black mamba with a +0 broad axe of flaming.
Shatamurrim burns the black mamba.
The naga sharpshooter shoots an arrow.
You block the arrow with an invisible shield... and reflect it back!
The arrow hits the naga sharpshooter!
The naga warrior becomes momentarily stuck in the liquid earth.
The naga warrior grabs you. The naga warrior constricts you.
You shoot a bolt.
The bolt pierces through the salamander!
The salamander is heavily wounded.
Shatamurrim blocks the black mamba's attack.
The salamander becomes momentarily stuck in the liquid earth.
Shatamurrim blocks the black mamba's attack.
The naga sharpshooter spits poison at you.
The splash of poison hits you.
You are poisoned.
You resist.
You shoot a bolt.
The bolt pierces through the salamander!!
The salamander is almost dead.
You feel sick.
The black mamba bites Shatamurrim but does no damage.
Shatamurrim hits the black mamba with a +0 broad axe of flaming!
Shatamurrim burns the black mamba.
The black mamba dies!
You block the salamander's attack.
A naga comes into view. It is wielding a +0 trident.
The naga sharpshooter shoots an arrow.
The arrow hits you!
You shoot a bolt.
The bolt pierces through the salamander.
The salamander is almost dead.
You feel sick.
The naga warrior hits you from afar with a +0 glaive!!!
* * * LOW HITPOINT WARNING * * *
You block the naga warrior's attack. The naga warrior constricts you.
You die...

#...##.....^.....
####.)))......)...#
.....###..#......†)
##...##...###....#.
#...##...# ####.#.
# #......... #..##
.. #.##...... #..##
...#N##....# #....
).NN@##..... #....#
#.NN#R#...>.
.....## N### ).#
..#..## ...#
....### ...#


You could see the friendly Shatamurrim the knight, 2 naga warriors, a naga
sharpshooter (strong, catching breath, struggling), a salamander (strong,
struggling, ally target) and 2 nagas.

Vanquished Creatures
  Asterion (Snake:1)
  Gastronok (D:10)
  Aizul (Snake:1)
  2 minotaurs
  3 merfolk javelineers
  A fire dragon (Lair:5)
  5 merfolk impalers (Shoals:4)
  Erolcha (Orc:2)
  A salamander tyrant (Snake:2)
  An ogre mage (Orc:2)
  6 hydras
  A merfolk avatar (Shoals:2)
  3 merfolk aquamancers (Shoals:4)
  6 anacondas
  3 centaur warriors
  2 alligator snapping turtles (Shoals:4)
  2 two-headed ogres
  2 satyrs (Shoals:3)
  2 catoblepae
  A naga sharpshooter (Snake:1)
  3 death yaks (Lair:5)
  A shock serpent (Snake:1)
  Nergalle (Orc:2)
  Sonja (Orc:2)
  2 skysharks
  8 sea snakes
  2 fire crabs
  A swamp dragon (Lair:5)
  An orange crystal statue (D:9)
  3 naga ritualists
  4 mana vipers (Snake:1)
  6 harpies (Shoals:3)
  A deep elf pyromancer (D:10)
  3 oklob plants (Lair:4)
  8 orc sorcerers
  8 manticores
  2 cyclopes (Shoals:4)
  11 fauns
  8 salamanders
  7 merfolk sirens
  9 elephants
  23 black mambas
  3 naga magi
  2 guardian serpents (Snake:2)
  2 molten gargoyles (Gauntlet)
  3 water nymphs
  2 gargoyles
  An eye of devastation (Gauntlet)
  Maggie (D:7)
  8 cane toads
  5 rime drakes
  5 komodo dragons
  15 merfolk
  5 polar bears
  2 trolls
  4 wind drakes
  Grinder (D:3)
  2 hornets
  Prince Ribbit (D:5)
  8 blink frogs
  3 meliai (Shoals:2)
  10 dream sheep
  7 snapping turtles
  A shadow (D:10)
  4 wyverns
  4 water elementals
  22 yaks
  2 basilisks
  2 golden eyes (Gauntlet)
  Eustachio (D:6)
  4 fire bats
  3 steam dragons
  A vampire mosquito (D:10)
  A warg (Orc:2)
  Menkaure (D:5)
  3 acid dragons (Lair:5)
  A naga (shapeshifter) (D:10)
  Edmund (D:5)
  10 nagas
  11 water moccasins
  Duvessa (D:4)
  A swamp drake (Lair:5)
  8 black bears
  A sky beast (D:7)
  23 orc warriors
  7 ogres
  The ghost of oldplebian the Cudgeller, an amateur HuCA of Ignis (D:3)
  6 centaurs
  5 kobold brigands
  A phantom (D:5)
  9 bullfrogs
  A gnoll sergeant (D:8)
  2 scorpions
  11 wights
  Dowan (D:4)
  5 killer bees
  4 electric eels (Lair:3)
  2 howler monkeys (D:10)
  A gnoll bouda (D:10)
  4 jellies
  9 orc priests
  3 hounds
  7 iguanas
  21 orc wizards
  2 sleepcaps
  5 hell rats (Lair:2)
  A mummy (D:4)
  16 gnolls
  9 adders
  6 river rats (Lair:2)
  A shadow imp (D:5)
  A white imp (D:5)
  An ufetubus (D:6)
  A worm (D:3)
  5 dart slugs
  46 orcs
  13 endoplasms
  3 giant cockroaches
  8 goblins
  9 hobgoblins
  37 kobolds
  3 quokkas
  2 ball pythons
  5 bats
  A frilled lizard (D:1)
  10 rats
639 creatures vanquished.

Vanquished Creatures (collateral kills)
  A merfolk javelineer (Shoals:4)
  A merfolk impaler (Shoals:3)
  A hydra (Lair:4)
  3 anacondas
  2 naga warriors (Snake:1)
  2 merfolk avatars
  A satyr (Shoals:2)
  2 sea snakes
  2 skysharks
  A salamander mystic (Snake:2)
  2 harpies (Shoals:3)
  An orc sorcerer (Orc:2)
  A mana viper (Snake:1)
  A cyclops (Shoals:4)
  A faun (Shoals:3)
  A salamander (Snake:2)
  An elephant (Lair:2)
  3 manticores
  3 black mambas
  A naga mage (Snake:2)
  2 cane toads
  A water nymph (Shoals:4)
  A meliai (Shoals:2)
  7 merfolk
  A polar bear (Lair:1)
  3 wind drakes
  A blink frog (Lair:5)
  8 dream sheep
  A snapping turtle (Shoals:4)
  A shadow (D:10)
  2 wyverns
  4 yaks
  A fire bat (Shoals:3)
  2 acid dragons
  A naga (Snake:1)
  A water moccasin (Lair:1)
  A swamp drake (Lair:5)
  An ogre (Orc:2)
  A gnoll sergeant (Orc:1)
  A howler monkey (D:10)
  An iguana (Lair:5)
  8 orc wizards
  A river rat (Lair:2)
  11 orcs
93 creatures vanquished.

Vanquished Creatures (others)
  Psyche (D:8)
  12 knights
  2 ancestors
  An orc (D:8)
  6 fungi
  86 plants
108 creatures vanquished.

Grand Total: 840 creatures vanquished

Notes
Turn   | Place    | Note
-------+----------+-------------------------------------------
     0 | D:1      | Newt the Kobold Hunter began the quest for the Orb.
     0 | D:1      | Reached XP level 1. HP: 12/12 MP: 1/1
    61 | D:1      | Reached XP level 2. HP: 18/18 MP: 2/2
   330 | D:1      | Found a faded altar of an unknown god.
   500 | D:2      | Reached XP level 3. HP: 23/23 MP: 3/3
   921 | D:2      | Reached XP level 4. HP: 30/30 MP: 4/4
  1452 | D:3      | Reached skill level 5 in Fighting
  1563 | D:3      | Identified the +0 robe "Gidaehit" {rF+ Dex+4}
  1613 | D:3      | Found Faubewk's Book Shoppe.
  1618 | D:3      | Noticed Grinder
  1628 | D:3      | Killed Grinder
  1629 | D:3      | Reached skill level 8 in Ranged Weapons
  1629 | D:3      | Reached XP level 5. HP: 20/35 MP: 5/5
  1629 | D:3      | Reached XP level 6. HP: 23/40 MP: 6/6
  2099 | D:3      | Found a runed translucent door.
  2104 | D:3      | Noticed oldplebian's ghost (amateur HuCA)
  2248 | D:3      | Reached skill level 9 in Ranged Weapons
  2248 | D:3      | Reached XP level 7. HP: 44/44 MP: 7/7
  2250 | D:3      | Killed oldplebian's ghost
  2553 | D:4      | Found Mabepew's Armour Boutique.
  2560 | D:4      | Bought a +2 cloak of willpower for 236 gold pieces
  2648 | D:4      | Found a snail-covered altar of Cheibriados.
  2651 | D:4      | Reached skill level 10 in Ranged Weapons
  2780 | D:4      | Noticed Dowan
  2781 | D:4      | Noticed Duvessa
  2785 | D:4      | Killed Duvessa
  2787 | D:4      | Killed Dowan
  2788 | D:4      | Reached XP level 8. HP: 27/49 MP: 8/8
  3182 | D:4      | Reached skill level 5 in Dodging
  3238 | D:5      | Entered Level 5 of the Dungeon
  3238 | D:5      | Noticed Prince Ribbit
  3243 | D:5      | Killed Prince Ribbit
  3347 | D:5      | Noticed Menkaure
  3348 | D:5      | Killed Menkaure
  3349 | D:5      | Reached skill level 11 in Ranged Weapons
  3393 | D:5      | Noticed Edmund
  3397 | D:5      | Killed Edmund
  3555 | D:5      | Reached skill level 12 in Ranged Weapons
  3555 | D:5      | Reached XP level 9. HP: 54/54 MP: 9/9
  3703 | D:5      | Found a sparkling altar of Nemelex Xobeh.
  3736 | D:5      | Found a stormy altar of Qazlal.
  3848 | D:5      | Reached skill level 13 in Ranged Weapons
  4061 | D:6      | Noticed Eustachio
  4066 | D:6      | Killed Eustachio
  4070 | D:6      | Reached skill level 14 in Ranged Weapons
  4583 | D:7      | Reached XP level 10. HP: 60/60 MP: 10/10
  4639 | D:7      | Identified the +2 whip of Tesa {vamp, rC+}
  4742 | D:7      | Found a staircase to the Ecumenical Temple.
  4776 | D:7      | Found a flagged portal.
  4788 | Bailey   | Entered a bailey
  4947 | Bailey   | Identified the ring of Qiceugh {rN+ rCorr Dex+4}
  5014 | Bailey   | Reached skill level 1 in Evocations
  5031 | Bailey   | Found the +10 dark maul {heavy}
  5258 | Temple   | Entered the Ecumenical Temple
  5454 | Temple   | Became a worshipper of Hepliaklqana the Forgotten
  5604 | D:7      | Noticed Maggie
  5615 | D:7      | Killed Maggie
  5616 | D:7      | Reached skill level 5 in Evocations
  6544 | D:8      | Reached skill level 15 in Ranged Weapons
  6633 | D:8      | Noticed Psyche
  6643 | D:8      | Killed Psyche
  6644 | D:8      | Reached XP level 11. HP: 51/68 MP: 11/11
  6816 | D:8      | Reached skill level 16 in Ranged Weapons
  7217 | D:8      | Identified a scroll of acquirement
  7222 | D:8      | Acquired a +5 triple crossbow of flaming
  7347 | D:8      | Reached skill level 17 in Ranged Weapons
  7507 | D:9      | Found Zin's Purification Station.
  7509 | D:9      | Found a glowing silver altar of Zin.
  7599 | D:9      | Reached * piety under Hepliaklqana
  7617 | D:9      | Found a runed translucent door.
  7628 | D:9      | Found a runed translucent door.
  7699 | D:9      | Found a runed translucent door.
  7715 | D:9      | Found a runed translucent door.
  8226 | D:9      | Noticed an orange crystal statue
  8253 | D:9      | Killed an orange crystal statue
  8325 | D:10     | Entered Level 10 of the Dungeon
  8326 | D:10     | Acquired the +6 hand crossbow "Cyxkyso" {penet, rCorr Int+2
                  | Dex+3 Stlth+}
  8363 | D:10     | Noticed a centaur warrior
  8383 | D:10     | Noticed a deep elf pyromancer
  8397 | D:10     | Reached skill level 18 in Ranged Weapons
  8400 | D:10     | Noticed a two-headed ogre
  8402 | D:10     | Killed a two-headed ogre
  8410 | D:10     | Noticed an eight-headed hydra
  8451 | D:10     | Noticed a four-headed hydra
  8454 | D:10     | Killed a four-headed hydra
  8461 | D:10     | Noticed a centaur warrior
  8462 | D:10     | Killed a deep elf pyromancer
  8466 | D:10     | Killed a centaur warrior
  8467 | D:10     | Reached skill level 19 in Ranged Weapons
  8467 | D:10     | Reached XP level 12. HP: 49/65 MP: 12/12
  8528 | D:10     | Killed a centaur warrior
  8547 | D:10     | Killed an eight-headed hydra
  8674 | D:10     | Found a staircase to the Orcish Mines.
  8687 | D:10     | Reached skill level 20 in Ranged Weapons
  8687 | D:10     | Reached skill level 1 in Invocations
  8869 | D:10     | Noticed Gastronok
  8880 | D:10     | Killed Gastronok
  9033 | D:10     | Found a faded altar of an unknown god.
  9038 | D:10     | Found a white marble altar of Elyvilon.
  9040 | D:10     | Found a sacrificial altar of Ru.
  9041 | D:10     | Found a bloodstained altar of Trog.
  9046 | D:10     | Found a shadowy altar of Dithmenos.
  9081 | D:10     | Reached skill level 5 in Invocations
  9383 | D:10     | Found a staircase to the Lair.
  9390 | Lair:1   | Entered Level 1 of the Lair of Beasts
  9511 | Lair:1   | Reached ** piety under Hepliaklqana
  9512 | Lair:1   | Remembered your ancestor Shatamurrim as a knight
  9522 | Lair:1   | Found a gate leading to a gauntlet.
  9528 | Gauntlet | Entered a Gauntlet
  9528 | Gauntlet | Found a transporter.
  9543 | Gauntlet | Found a transporter.
  9561 | Gauntlet | Noticed a sun demon
  9570 | Gauntlet | Found a transporter.
  9581 | Gauntlet | Found a transporter.
  9598 | Gauntlet | Found a transporter.
  9603 | Gauntlet | Found a transporter.
  9607 | Gauntlet | Noticed a catoblepas
  9613 | Gauntlet | Found a runed translucent gate.
  9626 | Gauntlet | Found a transporter.
  9630 | Gauntlet | Noticed a fire crab
  9638 | Gauntlet | Found a transporter.
  9651 | Gauntlet | Found a transporter.
  9669 | Gauntlet | Found a runed translucent door.
  9689 | Gauntlet | Found a transporter.
  9742 | Gauntlet | Found a transporter.
  9761 | Gauntlet | Found a transporter.
  9784 | Gauntlet | Found a runed translucent gate.
  9793 | Gauntlet | Found a runed translucent gate.
  9961 | Gauntlet | Found a transporter.
  9967 | Gauntlet | Killed a fire crab
 10073 | Gauntlet | Killed a catoblepas
 10082 | Gauntlet | Identified the amulet of Muemn {Reflect rC- rN++ Int+4
                  | Dex+3 SH+5}
 10175 | Gauntlet | Identified the +8 dire flail "Syttu" {freeze, Dex+4}
 10175 | Gauntlet | Noticed a minotaur
 10181 | Gauntlet | Killed a minotaur
 10182 | Gauntlet | Reached XP level 13. HP: 70/70 MP: 17/19
 10585 | Lair:1   | Reached skill level 21 in Ranged Weapons
 10594 | Lair:1   | You fall into a shaft and drop 1 floor!
 10876 | Lair:2   | Reached skill level 22 in Ranged Weapons
 10931 | Lair:2   | Found a staircase to the Snake Pit.
 10947 | Lair:2   | Reached *** piety under Hepliaklqana
 11478 | Lair:3   | Noticed a five-headed hydra
 11482 | Lair:3   | Killed a five-headed hydra
 12151 | Lair:3   | Found a staircase to the Shoals.
 12464 | Lair:4   | Noticed a six-headed hydra
 12467 | Lair:4   | Killed a six-headed hydra
 12468 | Lair:4   | Reached skill level 23 in Ranged Weapons
 12470 | Lair:4   | Reached **** piety under Hepliaklqana
 12599 | Lair:4   | Found a viscous altar of Jiyva.
 12617 | Lair:4   | Found a staircase to the Slime Pits.
 12811 | Lair:4   | Reached XP level 14. HP: 75/75 MP: 20/20
 13242 | Lair:5   | Entered Level 5 of the Lair of Beasts
 13619 | Lair:5   | Reached skill level 24 in Ranged Weapons
 13673 | Lair:5   | Reached skill level 1 in Spellcasting
 13673 | Lair:5   | Reached skill level 1 in Hexes
 13673 | Lair:5   | Reached skill level 1 in Earth Magic
 13775 | Lair:5   | Learned a level 4 spell: Leda's Liquefaction
 15176 | Lair:5   | Reached skill level 5 in Spellcasting
 15182 | Lair:5   | Reached skill level 5 in Earth Magic
 15456 | Lair:5   | Reached skill level 5 in Hexes
 15702 | Orc:1    | Entered Level 1 of the Orcish Mines
 15702 | Orc:1    | Found a radiant altar of Vehumet.
 16190 | Orc:2    | Entered Level 2 of the Orcish Mines
 16199 | Orc:2    | Paralysed by an orc sorcerer for 3 turns
 16206 | Orc:2    | Reached XP level 15. HP: 64/79 MP: 19/23
 16206 | Orc:2    | Noticed Sonja
 16214 | Orc:2    | Killed Sonja
 16411 | Orc:2    | Found Gumack's Assorted Antiques.
 16416 | Orc:2    | Bought a scroll of magic mapping for 172 gold pieces
 16629 | Orc:2    | Found Huupeis's Jewellery Shoppe.
 16706 | Orc:2    | Found a staircase to the Elven Halls.
 16833 | Orc:2    | Found a radiant altar of Vehumet.
 16835 | Orc:2    | Noticed Erolcha
 16837 | Orc:2    | Killed Erolcha
 16842 | Orc:2    | Reached ***** piety under Hepliaklqana
 16847 | Orc:2    | Found Xeipiwul's Jewellery Boutique.
 16855 | Orc:2    | Bought the ring "Imiw" {*Corrode rElec rC+ Will+} for 484
                  | gold pieces
 16865 | Orc:2    | Noticed Nergalle
 16873 | Orc:2    | Killed Nergalle
 16976 | Orc:2    | Found an ancient bone altar of Kikubaaqudgha.
 17019 | Orc:2    | Found Wuesch's Distillery.
 17024 | Orc:2    | Bought a potion of haste for 160 gold pieces
 17024 | Orc:2    | Bought a potion of heal wounds for 80 gold pieces
 17024 | Orc:2    | Bought a potion of heal wounds for 80 gold pieces
 17079 | Orc:2    | Found Asafi's Magic Scroll Shop.
 17089 | Orc:2    | Found Ciopisuy's Antique Armour Boutique.
 17617 | Shoals:1 | Entered Level 1 of the Shoals
 17857 | Shoals:1 | Identified the +5 quarterstaff of Qazlal's Displeasure
                  | {holy, Int+2 Dex+2}
 18655 | Shoals:2 | Reached skill level 10 in Dodging
 18789 | Shoals:2 | Found a hide-covered altar of Uskayaw.
 19984 | Shoals:3 | Reached XP level 16. HP: 58/83 MP: 24/24
 20484 | Shoals:3 | Reached skill level 10 in Evocations
 20498 | Shoals:3 | Reached skill level 1 in Shields
 21302 | Shoals:4 | Entered Level 4 of the Shoals
 21306 | Shoals:4 | Found the +10 zealot's sword {holy, Zealotry, *Rage rN+
                  | EV+3}
 21672 | Shoals:4 | Reached skill level 5 in Shields
 21686 | Shoals:4 | Identified the +8 long sword of Jasi {drain, *Corrode rF+++
                  | Will++}
 22674 | Shoals:4 | Got a barnacled rune of Zot
 22818 | Shoals:4 | Reached ****** piety under Hepliaklqana
 23435 | Snake:1  | Entered Level 1 of the Snake Pit
 23518 | Snake:1  | Noticed Aizul
 23530 | Snake:1  | Killed Aizul
 23531 | Snake:1  | Reached XP level 17. HP: 45/87 MP: 25/25
 23960 | Orc:2    | Bought the ring of Fuynuod {rPois Dex+2} for 468 gold
                  | pieces
 24641 | Snake:1  | Reached skill level 10 in Fighting
 24642 | Snake:1  | Noticed Asterion
 24653 | Snake:1  | Killed Asterion
 25736 | Snake:2  | Constricted to death by a naga warrior

Illustrated notes

Levels and vault maps discovered:
D:1:      roderic_crop_circles_arrival_small, layout_rooms,
          ebering_ecumenical_altar_hall
D:2:      layout_loops_cross
D:3:      layout_rooms, ebering_ghost_sewer_d, serial_shops, shop, uniq_grinder
D:4:      layout_cave_pools, slow_altar_1, serial_shops,
          nicolae_shop_advertising_works [nicolae_subvault_shop_adworks],
          uniq_duvessa
D:5:      layout_rooms, mainiacjoe_overflow_two_lobes, serial_bayou_pond_c,
          hangedman_decor_lopped, uniq_edmund, uniq_prince_ribbit1,
          uniq_menkaure
D:6:      layout_rooms, uniq_eustachio
D:7:      layout_basic, minmay_temple_entry_proselytizer, serial_curves,
          eino_curves_01, eino_curves_04, enter_bailey_3, interstate_on_off,
          uniq_maggie
D:8:      kennysheep_six_static_rooms, layout_rooms, uniq_psyche
D:9:      layout_roguey, zin_purify, minmay_statue_crystal_thing
D:10:     layout_basic, chequers_temple_overflow_minitemple, lair_entry_dummy,
          orc_0_dummy, minmay_fractal_squares_gapless_7, uniq_gastronok
Temple:   dpeg_chambers_temple
Lair:1:   beast_lair_carwin_large_3, layout_gridlike, gauntlet_entry_generic,
          grunt_megastairs_5
Lair:2:   layout_hall_layers, minmay_snake_entry_guardpost_small,
          kennysheep_abandoned_house
Lair:3:   layout_gridlike, elwin_shoals_entry_rooms, bh_autumn_forest_stairs
Lair:4:   layout_hall_layers, minmay_slime_entry_oklob_open,
          beast_lair_carwin_11, infiniplex_staircase_pool
Lair:5:   hangedman_lair_in_review, layout_cave_pods, guppyfry_lair_end_dragon
Shoals:1: layout_shoals
Shoals:2: layout_shoals, regret_index_shoals_crete
Shoals:3: layout_shoals, hangedman_shoal_volcano
Shoals:4: shoals_end_simple, layout_shoals
Snake:1:  layout_layer_cave, uniq_aizul, uniq_asterion
Snake:2:  nicolae_snakescales, layout_misc_corridors, special_room,
          grunt_ministairs_13, drop_trap
Orc:1:    layout_diamond_mine, basic_altar
Orc:2:    kennysheep_orc_mage_school, layout_caves, serial_shops, shop,
          shop_statue, uniq_sonja

Skill      XL: |  1  2  3  4  5  6  7  8  9 10 11 12 13 14 15 16 17 |
---------------+----------------------------------------------------+-----
Fighting       | 3 4 5 8 12 | 12.0
Ranged Weapons | 8 9 10 12 14 15 19 20 23 24 | 24.0
Dodging        | 4 6 8 12 | 12.3
Evocations     | 6 8 10 | 10.0
Invocations    | 9 |  9.0
Spellcasting   | 5 |  5.7
Hexes          | 5 7 |  7.2
Earth Magic    | 5 7 |  7.2
Shields        | 8 9 |  9.0
Stealth        | |  1.3

Action                     |  1- 3 |  4- 6 |  7- 9 | 10-12 | 13-15 | 16-18 || total
---------------------------+-------+-------+-------+-------+-------+-------++-------
   Fire: Shortbow          |    25 |       |       |       |       |       ||    25
         Arbalest          |    34 |    66 |   125 |   172 |       |       ||   397
         Triple crossbow   |       |       |       |    48 |       |       ||    48
         Hand crossbow     |       |       |       |   124 |   746 |   484 ||  1354
   Cast: Leda's Liquefacti |       |       |       |       |     2 |     4 ||     6
 Invoke: Recall Ancestor   |       |       |       |     1 |     2 |       ||     3
         Ancestor Life: Kn |       |       |       |     1 |       |       ||     1
         Idealise          |       |       |       |       |     1 |       ||     1
         Transference      |       |       |       |       |     1 |       ||     1
  Evoke: Wand              |       |       |       |     2 |       |     3 ||     5
    Use: Scroll            |     5 |     6 |     3 |    17 |     8 |     4 ||    43
         Potion            |       |     2 |     1 |     2 |     5 |     4 ||    14
 Armour: Leather armour    |     2 |     2 |       |       |       |       ||     4
         Skin              |       |     6 |     2 |       |       |       ||     8
         Robe              |       |     3 |     2 |    13 |    21 |       ||    39
         Troll leather arm |       |       |       |       |       |    10 ||    10
  Dodge: Dodged            |    21 |    31 |    32 |   145 |   287 |   146 ||   662
  Block: Other             |       |       |       |       |    49 |     6 ||    55
         Reflection        |       |       |       |       |     6 |    19 ||    25
         Buckler           |       |       |       |       |       |   120 ||   120

Table legend: (Time is in decaauts)
 A = Elapsed time spent in this place.
 B = Non-inter-level travel time spent in this place.
 C = Inter-level travel time spent in this place.
 D = Time resting spent in this place.
 E = Time spent auto-exploring this place.
 F = Levels seen in this place.
 G = Mean time per level.
                   A        B        C        D        E       F      G
               +--------+--------+--------+--------+--------+-----+--------+
         Total |  26556 |  25009 |   1547 |   4765 |  16537 |  26 | 1021.4 |
       Dungeon |   9161 |   8600 |    561 |   1109 |   6207 |  10 |  916.1 |
        Temple |    204 |    171 |     33 |      0 |    159 |   1 |  204.0 |
          Lair |   5939 |   5389 |    550 |   1197 |   3475 |   5 | 1187.8 |
        Shoals |   6315 |   6148 |    167 |   1740 |   3567 |   4 | 1578.8 |
     Snake Pit |   2007 |   1930 |     77 |    389 |   1250 |   2 | 1003.5 |
  Orcish Mines |   1831 |   1675 |    156 |    245 |   1179 |   2 |  915.5 |
        Bailey |    452 |    452 |      0 |      0 |    309 |   1 |  452.0 |
      Gauntlet |    643 |    643 |      0 |     84 |    389 |   1 |  643.0 |
               +--------+--------+--------+--------+--------+-----+--------+

Top non-repeatable levels by time:
  Lair:5: 2275 daAuts
Shoals:4: 2008 daAuts
Shoals:3: 1845 daAuts
 Snake:1: 1724 daAuts
Shoals:2: 1544 daAuts
    D:10: 1334 daAuts
  Lair:3: 1329 daAuts
   Orc:2: 1294 daAuts
     D:8: 1244 daAuts
     D:3: 1044 daAuts
     D:7: 1033 daAuts
     D:2: 956 daAuts
  Lair:4: 919 daAuts
Shoals:1: 916 daAuts
     D:9: 850 daAuts
